 Dungeon Crawl Stone Soup version 0.31-a0-965-g8a8ce12e04 (webtiles) character file.

Game seed: 2391508744268168498

593038 sentinel the Slayer (level 27, -12/188 HPs)
             Began as a Tengu Warper on Sept 10, 2023.
             Was an Initiate of Yredelemnul.
             Mangled by a Killer Klown
             ... wielding a +12 club
              (14 damage)
             ... on level 5 of the Realm of Zot on Oct 26, 2023.
             The game lasted 04:50:25 (64983 turns).

sentinel the Slayer (Tengu Warper)                 Turns: 64983, Time: 04:50:26

Health: -12/188    AC: 30    Str: 37    XL:     27
Magic:  0/39       EV: 19    Int: 10    God:    Yredelemnul [......]
Gold:   5205       SH: 10    Dex: 12    Spells: 24/38 levels left

rFire   + . .        G - +9 broad axe (vamp)
rCold   + + .        H - +3 warlock's mirror {omnireflect}
rNeg    + + .        P - +9 plate armour {rF+}
rPois   +            (helmet restricted)
rElec   +            v - +1 cloak {rCorr}
rCorr   +            T - +0 pair of gloves of the Slug {rC++ Regen+ rCorr Int-4}
SInv    .            (boots unavailable)
Will    +++..        Q - amulet of guardian spirit Stlth
                     Z - ring "Ququaw" {*Corrode rElec rPois Str+6}
HPRegen 1.31/turn    V - ring "Heipiurph" {rN++ Will+ Str+8 Int-2}
MPRegen 0.26/turn

%: corrode self (3%), reflection, acrobat, guardian spirit
@: about to teleport, marked, flying, contaminated, glowing, studying Maces &
Flails, unable to drink
A: beak, talons 3, evasive flight, acrobatic, clumsy 1
0: Orb of Zot
}: 4/15 runes: barnacled, slimy, silver, gossamer
a: Renounce Religion, Recall Undead Harvest


You were on level 5 of the Realm of Zot.
You worshipped Yredelemnul.
Yredelemnul was greatly pleased with you.
You visited 11 branches of the dungeon, and saw 53 of its levels.
You visited 1 bazaar.
You also visited: Bailey, Gauntlet and Ice Cave.

You collected 7876 gold pieces.
You spent 2671 gold pieces at shops.

Inventory:

Hand Weapons
 B - a +0 dagger of distortion
 G - a +9 vampiric broad axe (weapon)
Missiles
 O - 8 curare-tipped darts (quivered)
 S - 2 throwing nets
Armour
 r - the +7 chain mail of the Ditch-Digger {rElec}
   (You found it on level 2 of the Spider Nest)

   rElec:     It insulates you from electricity.
 v - a +1 cloak of preservation (worn)
 H - the +3 warlock's mirror (worn) {omnireflect}
   (You bought it in a shop in a bazaar)

   Omnireflect: It can block and reflect piercing ranged attacks and magical
   attacks against the wielder's willpower.
 P - a +9 plate armour of fire resistance (worn)
 T - the +0 pair of gloves of the Slug (worn) {rC++ Regen+ rCorr Int-4}
   (You found it on level 5 of the Vaults)

   Int-4:     It affects your intelligence (-4).
   rC++:      It greatly protects you from cold.
   Regen+:    It increases your rate of health regeneration.
   rCorr:     It protects you from acid and corrosion.
 Y - the +5 kite shield of Joxiurch {Fly Will+ Str-3 SInv}
   (You found it on level 4 of the Vaults)

   Str-3:     It affects your strength (-3).
   Will+:     It increases your willpower.
   SInv:      It lets you see invisible.
   Fly:       It grants you flight.
Jewellery
 c - the ring "Kiotoot" {rC+ rCorr}
   (You found it on level 3 of the Elven Halls)

   [ring of resist corrosion]

   rC+:       It protects you from cold.
   rCorr:     It protects you from acid and corrosion.
 J - a ring of protection from fire
 Q - an amulet of guardian spirit (around neck)
 V - the ring "Heipiurph" (right hand) {rN++ Will+ Str+8 Int-2}
   (You found it on level 4 of the Shoals)

   [ring of willpower]

   Str+8:     It affects your strength (+8).
   Int-2:     It affects your intelligence (-2).
   rN++:      It greatly protects you from negative energy.
   Will+:     It increases your willpower.
 Z - the ring "Ququaw" (left hand) {*Corrode rElec rPois Str+6}
   (You bought it in a shop on level 4 of the Dungeon)

   [ring of strength]

   Str+6:     It affects your strength (+6).
   rElec:     It insulates you from electricity.
   rPois:     It protects you from poison *Corrode: It may corrode you when you
   take damage.
Wands
 p - a wand of charming (25)
 x - a wand of mindburst (31)
 A - a wand of light (13)
 D - a wand of digging (17)
 I - a wand of roots (6)
 X - a wand of polymorph (15)
Scrolls
 e - 7 scrolls of vulnerability
 f - 4 scrolls of fog
 k - 6 scrolls of silence {!r}
 m - 5 scrolls of fear
 t - 16 scrolls of teleportation
 y - 11 scrolls of poison
 C - 2 scrolls of summoning
 L - 9 scrolls of immolation
Potions
 a - 8 potions of magic
 d - 7 potions of might
 h - 5 potions of haste
 j - 4 potions of berserk rage
 l - 7 potions of attraction
 n - 5 potions of resistance
 q - 10 potions of curing
 u - 10 potions of lignification
 w - 6 potions of heal wounds
 M - 7 potions of mutation
 R - 9 potions of ambrosia
 W - 4 potions of enlightenment
Miscellaneous
 g - a phantom mirror
 i - a lightning rod (4/4)
 K - a tin of tremorstones (2/2)
 N - a sack of spiders
 U - a phial of floods


   Skills:
 + Level 23.6 Fighting
 - Level 17.6(18.0) Axes
 - Level 5.8(12.8) Maces & Flails
 - Level 5.0 Throwing
 + Level 15.8 Armour
 + Level 15.8 Dodging
 - Level 3.0 Stealth
 - Level 12.6 Shields
 - Level 6.0 Spellcasting
 - Level 2.5 Translocations
 - Level 6.0 Ice Magic
 - Level 22.0 Invocations
 + Level 17.6 Evocations


You had 24 spell levels left.
You knew the following spells:

 Your Spells              Type           Power      Damage    Failure   Level
a - Manifold Assault      Tloc           8%         N/A       97%         4
c - Passwall              Tmut/Erth      2%         N/A       78%         2
d - Blink                 Tloc           16%        N/A       43%         2
e - Lesser Beckoning      Tloc           16%        N/A       43%         2
g - Apportation           Tloc           16%        N/A       30%         1
h - Ozocubu's Armour      Ice            15%        N/A       22%         3

Your spell library contained the following spells:

 Spells                   Type           Power      Damage    Failure   Level
 Frozen Ramparts          Ice            30%        1d5       22%         3
 Ensorcelled Hibernation  Hex/Ice        18%        N/A       36%         2
 Hailstorm                Conj/Ice       9%         3d4       58%         3
 Foxfire                  Conj/Fire      12%        2x1d4     65%         1
 Kiss of Death            Conj/Necr      12%        2d6       65%         1
 Magic Dart               Conj           12%        1d3       65%         1
 Necrotise                Necr           12%        1d4       65%         1
 Sandblast                Erth           6%         2d5       65%         1
 Slow                     Hex            12%        N/A       65%         1
 Summon Small Mammal      Summ           12%        N/A       65%         1
 Gell's Gravitas          Tloc           8%         N/A       67%         3
 Teleport Other           Tloc           8%         N/A       67%         3
 Cigotuvi's Dreadful Rot  Necr/Pois/Air  6%         N/A       78%         2
 Jinxbite                 Hex            6%         N/A       78%         2
 Scorch                   Fire           6%         2d5       78%         2
 Searing Ray              Conj           6%         2d4       78%         2
 Static Discharge         Conj/Air       6%         3-4/arc   78%         2
 Volatile Blastmotes      Fire/Tloc      10%        2d10      83%         3
 Summon Ice Beast         Ice/Summ       9%         N/A       94%         4
 Call Canine Familiar     Summ           3%         N/A       95%         3
 Confusing Touch          Hex            3%         N/A       95%         3
 Dazzling Flash           Conj/Hex       6%         N/A       95%         3
 Ignite Poison            Fire/Tmut/Pois 3%         N/A       95%         3
 Sigil of Binding         Hex            3%         N/A       95%         3
 Stone Arrow              Conj/Erth      6%         3d7       95%         3
 Summon Guardian Golem    Hex/Summ       3%         N/A       95%         3
 Swiftness                Air            3%         N/A       95%         3
 Tukima's Dance           Hex            3%         N/A       95%         3
 Vampiric Draining        Necr           3%         2d6       95%         3
 Passage of Golubria      Tloc           8%         N/A       97%         4
 Dimensional Bullseye     Hex/Tloc       2%         N/A       99%         4
 Iskenderun's Mystic Bla  Conj/Tloc      5%         2d3       99%         4
 Vhi's Electric Charge    Tloc/Air       10%        N/A       99%         4
 Airstrike                Air            1%         2d(1-17)  100%        4
 Animate Armour           Summ/Erth      6%         N/A       100%        4
 Brom's Barrelling Bould  Conj/Erth      3%         2d3       100%        4
 Dispel Undead            Necr           3%         3d7       100%        4
 Flame Wave               Conj/Fire      3%         2d5       100%        4
 Fulminant Prism          Conj/Hex       1%         3d5       100%        4
 Leda's Liquefaction      Hex/Erth       1%         N/A       100%        4
 Petrify                  Tmut/Erth      3%         N/A       100%        4
 Sticky Flame             Conj/Fire      3%         2d3       100%        4
 Summon Lightning Spire   Summ/Air       3%         N/A       100%        4
 Agony                    Necr           3%         N/A       100%        5
 Alistair's Intoxication  Tmut/Pois      2%         N/A       100%        5
 Arcjolt                  Conj/Air       1%         1d11      100%        5
 Freezing Cloud           Conj/Ice/Air   3%         6-21      100%        5
 Irradiate                Conj/Tmut      1%         3d12      100%        5
 Iskenderun's Battlesphe  Conj           3%         2d6       100%        5
 Lee's Rapid Deconstruct  Erth           1%         3d4*      100%        5
 Metabolic Englaciation   Hex/Ice        4%         N/A       100%        5
 Silence                  Hex/Air        1%         N/A       100%        5
 Summon Forest            Summ/Tloc      2%         N/A       100%        5
 Summon Mana Viper        Hex/Summ       3%         N/A       100%        5
 Bombard                  Conj/Erth      1%         9d1       100%        6
 Conjure Ball Lightning   Conj/Air       1%         3x3d6     100%        6
 Dispersal                Tloc           4%         N/A       100%        6
 Eringya's Noxious Bog    Tmut/Pois      1%         4d6       100%        6
 Plasma Beam              Fire/Air       1%         2x1d11    100%        6
 Starburst                Conj/Fire      1%         6d3       100%        6
 Summon Cactus Giant      Summ           1%         N/A       100%        6
 Orb of Destruction       Conj           1%         9d5       100%        7
 Ozocubu's Refrigeration  Ice            7%         4d9       100%        7
 Spellforged Servitor     Conj/Summ      1%         N/A       100%        7
 Summon Hydra             Summ           1%         N/A       100%        7
 Discord                  Hex            1%         N/A       100%        8
 Disjunction              Tloc           4%         N/A       100%        8
 Ignition                 Fire           1%         3d3       100%        8
 Lehudib's Crystal Spear  Conj/Erth      1%         10d2      100%        8
 Maxwell's Capacitive Co  Air            1%         ∞         100%        8
 Death Channel            Necr           Unusable   N/A       N/A         6
 Simulacrum               Ice/Necr       Unusable   N/A       N/A         6

Dungeon Overview and Level Annotations

Branches:
Dungeon (15/15)            Temple (1/1) D:6            Lair (5/5) D:8
 Shoals (4/4) Lair:2       Spider (4/4) Lair:2        Slime (5/5) Lair:4
    Orc (2/2) D:11            Elf (3/3) Orc:2        Vaults (5/5) D:14
  Crypt (0/3) Vaults:3     Depths (4/4) D:15            Zot (5/5) Depths:4
 Bailey (visited)           IceCv (visited)         Gauntlet (visited)

Altars:
Ashenzari
Cheibriados
Dithmenos
Elyvilon
Fedhas
Gozag
Hepliaklqana
Kikubaaqudgha
Makhleb
Nemelex Xobeh
Okawaru
Qazlal
Ru
Sif Muna
Trog
Uskayaw
Vehumet
Wu Jian
Xom
Yredelemnul
Zin
The Shining One
Jiyva

Shops:
D:1 *   D:4 =   D:6 (   D:11 =   D:15 :   Orc:2 (*:[   Elf:1 [   Shoals:1 [
Shoals:4 *(   Vaults:3 [

Portals:
Hell: Depths:2 Depths:3 Depths:4
Abyss: Depths:3
Pandemonium: Depths:2
Ziggurat: Depths:4

Annotations:
D:11 2 transporters
Slime:5 1 exclusion
Elf:2 3 runed translucent doors
Vaults:5 1 exclusion
Depths:1 !mara, Mara
Depths:4 exclusions: 2 angels and 2 more exclusions
Zot:5 exclusion: obsidian statue


Innate Abilities, Weirdness & Mutations

You have a beak for a mouth.
You have claws for feet.
Your magical flight helps you evade attacks. (EV +4)
You can magically evade attacks while moving or waiting.
You are clumsy. (Dex -2)


Message History

Okay, then.
Okay, then.
Okay, then.
The Killer Klown pies you viciously! The klown pie hits you.
Lemon!
You feel your inability to drink will last longer.
The Orb Guardian rages.
The Killer Klown blinks!
The Orb Guardian hits you!!
The electric golem blinks!
Okay, then.
You cannot drink potions in your current state!
Unknown command.
Okay, then.
Okay, then.
Okay, then.
Aiming: Charm
Press: ? - help, Shift-Dir - straight line, f - Orb Guardian
Aim: an Orb Guardian (chance to affect: 7%)
Okay, then.
Okay, then.
Aiming: Charm
Press: ? - help, Shift-Dir - straight line, f - Killer Klown
Aim: a Killer Klown, wielding a +12 club (chance to affect: 0%)
Okay, then.
Okay, then.
Read: 5 scrolls of fear
Press: ? - help, Dir - look around, f - activate Look: an Orb Guardian (berserk, not susceptible)
Okay, then.
You cannot drink potions in your current state!
Okay, then.
Okay, then.
Okay, then.
Blink to where?
Press: ? - help, Dir - move target
As you read the scroll of blinking, it crumbles to dust.
You block the electric golem's attack.
The electric golem closely misses you. x2
You block the electric golem's attack.
The Killer Klown sucker-punches you with a +12 club.
The electric golem hits you but does no damage. x2
You block the electric golem's attack. x2
The Killer Klown wrestles you with a +12 club!!
As you read the scroll of teleportation, it crumbles to dust.
You feel strangely unstable.
You feel the Orb delaying your translocation!
A moth of wrath comes into view.
The electric golem hits you. The electric golem shocks you. You resist.
The electric golem hits you but does no damage. x3
The Killer Klown pinches you with a +12 club.
The Orb Guardian rages.
You block the Orb Guardian's attack.
Okay, then.
As you read the scroll of summoning, it crumbles to dust.
Wisps of shadow whirl around you...
The electric golem blinks!
The Killer Klown kneecaps you but does no damage.
The electric golem blinks!
The Orb Guardian hits you.
The Killer Klown pounds you but does no damage.
The Orb Guardian misses you.
The Killer Klown blinks!
The Orb Guardian rages.
The Orb Guardian hits you!
The Killer Klown blinks!
The moth of wrath goads the Orb Guardian on!
The Orb Guardian goes berserk!
The Orb Guardian barely misses you.
The Orb Guardian attacks as it pursues you!
The Orb Guardian misses you.
The Orb Guardian rages.
The Orb Guardian attacks as it pursues you!
The Orb Guardian completely misses you.
The electric golem blinks!
The Orb Guardian completely misses you. The moth of wrath bites you!
Your ghost moth stares at the Killer Klown.
The Killer Klown's magic leaks into the air.
Your ghost moth completely misses the electric golem.
Your ghost moth barely misses the electric golem.
Your ghost moth stings the electric golem but does no damage.
A green draconian monk comes into view.
A purple draconian shifter comes into view.
It is wielding a +0 long sword.
The Orb Guardian hits you but does no damage.
The Killer Klown blinks!
The Orb Guardian barely misses your ghost moth.
You block the Orb Guardian's attack. x2
Your ghost moth hits the Killer Klown but does no damage.
Your ghost moth barely misses the Killer Klown.
Your ghost moth stings the Killer Klown.
A moth of wrath comes into view.
The Orb Guardian hits your ghost moth!! The Orb Guardian completely misses you.
The Killer Klown blinks!
A dread lich comes into view.
You block the Orb Guardian's attack. The Orb Guardian misses your death cob.
The Orb Guardian hits your ghost moth!
An Orb Guardian comes into view.
The Orb Guardian hits you!!!
* * * LOW HITPOINT WARNING * * *
The Killer Klown fails to trigger a net trap.
The Orb Guardian misses you.
Your ghost moth stares at the Orb Guardian.
Your ghost moth closely misses the Orb Guardian.
Your ghost moth barely misses the Orb Guardian.
Your ghost moth stings the Orb Guardian!
The Orb Guardian hits your death cob but does no damage.
The purple draconian shifter breathes dispelling energy at you.
The bolt of dispelling energy misses you.
The bolt of dispelling energy misses your death cob.
The Orb Guardian hits your ghost moth but does no damage.
Your death cob hits the Orb Guardian!!
The Orb Guardian moves out of view.
The Killer Klown's magic is no longer disrupted.
The Orb Guardian hits your death cob! The Orb Guardian hits your death cob!!!
Your death cob hits the Orb Guardian!!
Your death cob drains the Orb Guardian's vigour!
The Orb Guardian seems to slow down.
The moth of wrath goads the Orb Guardian on!
The Orb Guardian goes berserk!
You block the Orb Guardian's attack.
Your ghost moth misses the Orb Guardian.
Your ghost moth hits the Orb Guardian!
Your ghost moth stings the Orb Guardian but does no damage.
The Orb Guardian hits your death cob!!!
The Orb Guardian hits your death cob but does no damage.
The Orb Guardian closely misses your ghost moth.
Your death cob hits the Orb Guardian!!
The Orb Guardian hits your death cob!!!
Your death cob is destroyed!
Your death cob dissolves into shadows!
The Orb Guardian enters a dispersal trap!
The purple draconian shifter blinks!
The dread lich blinks!
The moth of wrath blinks!
The green draconian monk blinks!
The moth of wrath blinks!
You blink.
The Orb Guardian blinks!
The Killer Klown squeezes you with a +12 club!
* * * LOW HITPOINT WARNING * * *
The Killer Klown blinks!
Your ghost moth barely misses the Orb Guardian.
Your ghost moth misses the Orb Guardian.
Your ghost moth stings the Orb Guardian!
HP warning!
You cannot drink potions in your current state!
Unknown command.
Okay, then.
Okay, then.
Okay, then.
Okay, then.
Toss (no damage): scarf {rC+ rF+}
Press: ? - help, Shift-Dir - straight line, f - Orb Guardian
Aim: an Orb Guardian (grey smoke, berserk)
You toss away a scarf of resistance.
The scarf of resistance hits the Orb Guardian but does no damage.
You block the Orb Guardian's attack.
The Orb Guardian hits you but does no damage.
Your death cob hits the Orb Guardian!
The Orb Guardian hits you!!
* * * LOW HITPOINT WARNING * * *
The moth of wrath goads the Orb Guardian on!
The Orb Guardian goes berserk!
The Killer Klown hits you with a +12 club!
You die...
Your body rises from the dead as a mindless zombie.

*▓▓▓.............▓▓▓▓
**...................▓▓▓
**,..........^.^........▓▓
*,,..................!...▓ ▓▓
*,,......y.9.............▓▓▓.
**,.......§.XX..........X▓▓^.
**...p....zXXXX.XX.....X▓§.§
*▓.......XXpXy..?......§...
**........§@*.X.....^...▓.X.
**,q.......§§§§§.p^......▓▓.y
*,,........d§§§§§y.......▓▓▓.
*,,....^.q.§§§§..........# ▓▓
**,....§.§..§§..........#*
**,........$.........▓##
**,...........$..▓▓▓▓
**...§8##▓▓▓▓▓▓▓▓▓▓▓*
**,.....,,,,,,,,,^^..##*


You could see an orb of fire, 3 Killer Klowns, an electric golem, a green
draconian monk, a green draconian, 12 Orb Guardians, an obsidian statue, 2 moths
of wrath, a friendly death cob (summoned) and a friendly ghost moth (summoned,
invisible).

Vanquished Creatures
  the Royal Jelly (Slime:5)
  2 dread liches (Vaults:5)
  An ancient lich (Zot:1)
  A Killer Klown (Zot:3)
  Saint Roka (Orc:2)
  A caustic shrike (Depths:3)
  A curse toe (Zot:2)
  7 golden dragons
  Jorgrun (Orc:2)
  10 tentacled monstrosities
  A walking crystal tome (Depths:3)
  5 Orb Guardians (Zot:5)
  4 liches
  A deep elf blademaster (Elf:3)
  3 quicksilver dragons
  A walking frostbound tome (Depths:3)
  A walking divine tome (Depths:2)
  4 sphinxes
  3 krakens
  5 acid blobs
  The ghost of Behejivea the Destroyer, an adept DsEE of Gozag (D:15)
  4 death cobs
  7 tengu reavers
  Donald (Spider:4)
  A draconian knight (Zot:2)
  11 shadow dragons
  5 storm dragons
  3 rockslimes (Slime:5)
  3 draconian monks
  6 azure jellies (Slime:5)
  8 fire giants
  6 deep elf sorcerers
  2 emperor scorpions (Spider:4)
  13 frost giants
  3 draconian scorchers
  An iron dragon (Vaults:5)
  15 vault wardens
  2 ghost moths
  2 deep elf elementalists (Elf:3)
  4 draconian annihilators
  2 orc warlords
  14 ironbound preservers
  7 stone giants
  A draconian stormcaller (Zot:3)
  2 broodmothers
  4 formless jellyfish
  2 draconian shifters
  9 quicksilver oozes
  3 spriggan defenders
  A war gargoyle (Vaults:3)
  A reaper (Depths:2)
  9 very ugly things
  3 ironbound thunderhulks
  A vampire knight (Depths:2)
  5 deep elf demonologists (Elf:3)
  4 green draconians
  6 black draconians
  11 dire elephants
  A minotaur (Gauntlet)
  An eidolon (D:15)
  8 yellow draconians
  4 purple draconians
  A spark wasp (shapeshifter) (Vaults:1)
  A deep elf annihilator (Vaults:5)
  A spark wasp (Depths:3)
  13 white draconians
  8 red draconians
  6 deep elf death magi (Elf:3)
  2 merfolk javelineers
  2 crystal guardians (Vaults:2)
  An ettin (shapeshifter) (Elf:2)
  8 ettins
  3 merfolk impalers
  6 fire dragons
  4 deep elf high priests
  2 rakshasas
  3 entropy weavers
  12 yaktaur captains
  5 ice dragons
  A spectral sphinx (Depths:2)
  6 vault guards
  7 great orbs of eyes
  A hydra (Lair:5)
  5 ironbound frosthearts
  4 spriggan air magi
  A catoblepas (Depths:4)
  A jorogumo (Spider:2)
  A peacekeeper (Vaults:2)
  7 boulder beetles
  10 centaur warriors
  2 satyrs
  4 death yaks
  15 dancing weapons
  A spectral stone giant (Depths:2)
  3 merfolk aquamancers (Shoals:4)
  6 deep troll shamans
  6 deep troll earth magi
  An orc high priest (Orc:2)
  4 spriggan berserkers
  3 demonic crawlers
  11 deep elf knights
  A spectral death yak (Lair:5)
  6 hell knights
  3 pharaoh ants
  4 skeletal warriors
  3 skysharks
  6 iron trolls
  A shadow wraith (D:15)
  A sun moth (Spider:4)
  30 deep trolls
  3 orb spiders
  3 glowing orange brains
  10 sea snakes
  A spriggan rider (Depths:2)
  3 phantasmal warriors
  2 spectral wolf spiders (Spider:1)
  6 arcanists
  11 deep elf archers
  A deep troll (shapeshifter) (Vaults:4)
  3 steelbarb worms
  8 ironbound convokers
  2 wolf spider zombies (Spider:1)
  8 harpies
  8 orc knights
  2 necromancers
  19 deep elf zephyrmancers
  A harpy (shapeshifter) (D:13)
  16 wolf spiders
  An iron dragon zombie (Vaults:4)
  5 lindwurms
  21 deep elf pyromancers
  A shining eye (Slime:5)
  6 orc sorcerers
  7 manticores
  2 spectral deep trolls (Depths:2)
  A mana viper (shapeshifter) (Vaults:5)
  A salamander (D:15)
  3 fauns (Shoals:1)
  A stone giant skeleton (Vaults:4)
  A frost giant skeleton (Vaults:4)
  23 moths of wrath
  3 cyclopes
  23 ugly things
  13 elephants
  2 black mambas
  6 merfolk sirens
  2 water nymphs
  11 vault sentinels
  An elf skeleton (Vaults:4)
  A torpor snail (Spider:4)
  3 cane toads
  4 unseen horrors (D:12)
  3 kobold demonologists (D:11)
  Psyche (D:9)
  A komodo dragon (shapeshifter) (D:15)
  3 rime drakes
  2 freezing wraiths
  Jeremiah (D:6)
  2 ice devils
  17 yaktaurs
  5 tengu conjurers
  4 komodo dragons
  4 trolls
  4 meliai
  16 merfolk
  A queen bee (Lair:1)
  2 polar bears
  15 hornets
  4 glass eyes
  5 wind drakes
  A yaktaur skeleton (Vaults:4)
  Grinder (D:4)
  2 blink frogs
  2 wolf spider simulacra (Spider:1)
  A spectral elephant (Lair:5)
  15 tarantellas
  A culicivora zombie (Spider:4)
  A dream sheep (Lair:5)
  9 snapping turtles
  15 culicivoras
  19 slime creatures
  3 air elementals (Elf:2)
  2 centaur simulacra (Gauntlet)
  11 jumping spiders
  A spriggan (shapeshifter) (Vaults:5)
  A spriggan zombie (Depths:2)
  5 wraiths
  2 spriggans (Depths:2)
  2 vampires
  9 water elementals
  32 yaks
  2 wyverns
  A fire elemental (Elf:1)
  3 basilisks
  A shadow (D:15)
  2 golden eyes (Slime:2)
  38 redbacks
  2 wargs (Orc:2)
  2 acid dragons (D:9)
  Duvessa (D:6)
  12 water moccasins
  23 orc warriors
  A sky beast (D:7)
  14 ice beasts
  2 elephant zombies (Lair:5)
  2 black bears
  4 ogres
  11 wolves
  8 centaurs
  A wolf (shapeshifter) (Vaults:5)
  A phantom (D:6)
  3 kobold brigands
  A bullfrog (shapeshifter) (Depths:3)
  4 bullfrogs
  A gnoll sergeant (D:8)
  4 scorpions
  3 earth elementals
  19 killer bees
  An elephant simulacrum (Lair:5)
  5 electric eels
  2 vampire bats (Lair:5)
  10 howler monkeys
  3 hounds
  5 jellies
  18 orc priests
  Jessica (D:2)
  An iguana (D:6)
  2 sleepcaps (D:5)
  26 orc wizards
  2 hell rats (D:8)
  17 gnolls
  6 adders
  2 river rats (D:8)
  4 shadow imps (D:5)
  3 white imps (Gauntlet)
  6 ufetubi (D:5)
  An orc zombie (D:11)
  5 worms
  5 dart slugs
  72 orcs
  6 ball pythons
  7 endoplasms
  A giant cockroach (D:1)
  5 goblins
  11 hobgoblins
  4 quokkas
  6 bats
  7 frilled lizards
  A frilled lizard zombie (D:11)
  29 kobolds
  7 rats
  2 tentacles (Shoals:3)
1407 creatures vanquished.

Vanquished Creatures (collateral kills)
  A dread lich (Zot:1)
  Frederick (Vaults:5)
  6 golden dragons
  2 electric golems
  11 tentacled monstrosities
  A lich (Vaults:5)
  2 titans (Vaults:5)
  An Orb Guardian (Zot:5)
  A quicksilver dragon (Zot:3)
  6 death cobs
  3 sphinxes
  Frances (D:12)
  An acid blob (Slime:5)
  4 shadow dragons
  6 storm dragons
  Roxanne (Spider:4)
  A tengu reaver (Depths:3)
  2 rockslimes (Slime:5)
  A fire giant (Vaults:5)
  3 draconian monks
  9 frost giants
  4 deep elf sorcerers (Elf:3)
  2 azure jellies (Slime:5)
  6 vault wardens
  A balrug (Depths:2)
  2 draconian scorchers (Zot:1)
  A ghost moth (Zot:5)
  An orc warlord (Vaults:3)
  2 deep elf elementalists
  5 ironbound preservers
  5 quicksilver oozes
  5 draconian shifters
  A draconian annihilator (Zot:3)
  3 broodmothers (Spider:4)
  5 stone giants
  3 ironbound thunderhulks
  7 very ugly things
  3 war gargoyles (Vaults:5)
  2 deep elf demonologists
  8 black draconians
  A minotaur (Shoals:1)
  A formless jellyfish (Vaults:1)
  2 green draconians
  4 white draconians
  4 red draconians
  2 deep elf annihilators (Elf:3)
  13 dire elephants
  4 spark wasps
  9 purple draconians
  4 yellow draconians (Zot:2)
  The ghost of MrCrawl the Thaumaturge, a journeyman DrFE of Vehumet (Lair:3)
  2 deep elf death magi
  2 ettins
  3 merfolk javelineers
  A fire dragon (Depths:3)
  4 merfolk impalers
  5 yaktaur captains
  5 entropy weavers
  5 deep elf high priests
  26 vault guards
  5 great orbs of eyes
  3 ice dragons (Depths:4)
  A catoblepas (Lair:5)
  3 merfolk avatars
  8 ironbound frosthearts
  4 hydras
  A peacekeeper (Vaults:3)
  2 radroaches
  A spriggan air mage (Depths:2)
  A jorogumo (Spider:4)
  An ogre mage (Vaults:5)
  A centaur warrior (D:14)
  A boulder beetle (Spider:1)
  A two-headed ogre (D:9)
  An alligator snapping turtle (Shoals:3)
  7 death yaks
  A deep troll shaman (Depths:3)
  3 merfolk aquamancers
  An orc high priest (Elf:1)
  5 demonic crawlers
  A satyr (Shoals:4)
  4 tengu warriors
  6 dancing weapons
  A spriggan berserker (Depths:3)
  Nergalle (D:11)
  5 deep elf knights
  3 iron trolls (Depths:3)
  4 skysharks
  A skyshark (shapeshifter) (Vaults:5)
  5 pharaoh ants
  9 orb spiders
  3 spectral death yaks (Lair:5)
  A spectral anaconda (Lair:5)
  20 deep trolls
  4 sea snakes
  A glowing orange brain (Slime:5)
  An obsidian statue (Lair:5)
  A spectral wolf spider (Spider:1)
  9 deep elf archers
  A lindwurm (Lair:3)
  2 steelbarb worms
  Pikel (D:6)
  3 phantasmal warriors (Vaults:5)
  4 necromancers
  9 orc knights
  2 ironbound convokers
  11 harpies
  7 deep elf pyromancers
  7 wolf spiders
  9 deep elf zephyrmancers
  An oklob plant (Lair:4)
  5 fauns
  2 shining eyes (Slime:5)
  13 manticores
  17 moths of wrath
  2 cyclopes (Shoals:3)
  9 ugly things
  5 merfolk sirens
  A black mamba (Lair:4)
  7 vault sentinels
  An elephant (shapeshifter) (Vaults:5)
  2 eyes of devastation
  19 elephants
  3 torpor snails
  2 ice statues
  8 water nymphs
  5 rime drakes (IceCv)
  7 cane toads
  4 komodo dragons
  8 yaktaurs
  A freezing wraith (Vaults:5)
  A tengu conjurer (Depths:2)
  A queen bee (shapeshifter) (D:14)
  An ice devil (Lair:4)
  A troll (D:11)
  5 polar bears
  9 tarantellas
  2 meliai
  A merfolk (shapeshifter) (Vaults:5)
  24 merfolk
  3 wolf spider simulacra (Spider:1)
  3 wind drakes
  7 blink frogs
  A glass eye (Slime:5)
  4 hornets
  7 dream sheep
  14 jumping spiders
  10 snapping turtles
  2 centaur simulacra (Gauntlet)
  7 slime creatures
  A spriggan (Depths:2)
  A vampire (D:9)
  12 water elementals
  11 culicivoras
  20 yaks
  2 wyverns
  2 wraiths
  Grum (D:8)
  2 fire elementals (Elf:3)
  A golden eye (Slime:2)
  Menkaure (D:7)
  23 redbacks
  2 basilisks
  3 wargs
  3 spectral cane toads (Lair:5)
  3 water moccasins
  A sky beast (D:7)
  An ice dragon simulacrum (Gauntlet)
  11 orc warriors
  A black bear (D:6)
  6 ice beasts (D:14)
  11 wolves
  A centaur (D:14)
  4 elephant skeletons (Lair:5)
  A lemure (D:6)
  2 kobold brigands
  4 bullfrogs
  2 earth elementals
  A scorpion (D:6)
  Dowan (D:6)
  A killer bee (Lair:1)
  An elephant simulacrum (Lair:5)
  An electric eel (D:14)
  A howler monkey (D:7)
  3 orc priests
  3 jellies
  An orc wizard (D:11)
  An adder (D:6)
  A river rat (D:8)
  2 white imps (D:5)
  An ufetubus (D:5)
  A worm (Spider:4)
  12 orcs
  2 bats (Lair:5)
  2 kobolds (Bailey)
  A quokka (D:4)
  A rat (D:8)
810 creatures vanquished.

Vanquished Creatures (others)
  A death cob (Zot:1)
  2 draconian knights (Zot:1)
  A fire giant (Vaults:5)
  4 spectral tentacled monstrosities
  A jelly zombie (Slime:5)
  A black draconian (Zot:3)
  A very ugly thing zombie (Vaults:4)
  A sphinx zombie (Depths:4)
  A spectral fire giant (Depths:2)
  A storm dragon zombie (Depths:3)
  A spectral broodmother (Spider:4)
  A deep elf knight (Elf:2)
  2 golden dragon zombies (Depths:3)
  2 lindwurms (Lair:3)
  A wolf spider zombie (Spider:4)
  3 ugly thing zombies
  A harpy (Shoals:2)
  A spectral wolf spider (Spider:1)
  A steelbarb worm (Spider:4)
  A frost giant zombie (Depths:4)
  A moth of wrath (Zot:2)
  A spectral rakshasa (Depths:3)
  A formless jellyfish zombie (Slime:2)
  A death yak zombie (IceCv)
  7 redback zombies
  A catoblepas zombie (Depths:4)
  A green draconian zombie (Zot:1)
  5 white draconian zombies
  2 red draconian zombies
  A black draconian zombie (Zot:3)
  An orb spider zombie (Spider:4)
  4 sea snake zombies
  4 harpy zombies
  2 merfolk (Shoals:3)
  A great orb of eyes zombie (Vaults:2)
  A meliai (D:13)
  2 fire dragon zombies (Depths:4)
  A tarantella (Spider:4)
  5 moth of wrath zombies
  3 culicivora zombies
  An ice dragon zombie (Depths:4)
  11 human zombies
  4 jumping spider zombies
  A meliai zombie (D:13)
  5 dream sheep (D:3)
  4 tarantella zombies
  A radroach zombie (Spider:1)
  A satyr zombie (Shoals:4)
  A jumping spider (Spider:3)
  A wind drake zombie (Shoals:2)
  2 slime creature zombies (Vaults:1)
  A spectral ice devil (Gauntlet)
  4 deep troll zombies
  8 merfolk zombies
  15 elf zombies
  2 faun zombies (Shoals:4)
  2 entropy weaver zombies
  2 hornet zombies
  3 dream sheep zombies
  8 elephant zombies
  4 manticore zombies
  A rime drake zombie (IceCv)
  A komodo dragon zombie (Lair:5)
  3 yaktaur zombies
  A cyclops zombie (Shoals:3)
  A water moccasin zombie (Lair:2)
  2 warg zombies (Vaults:5)
  6 yak zombies
  2 tengu zombies
  5 wolf zombies
  4 bullfrog zombies
  4 centaur zombies
  A killer bee zombie (Lair:2)
  2 ice beast zombies (D:14)
  3 hound zombies
  A howler monkey zombie (D:10)
  An adder zombie (D:6)
  2 spectral shadow imps (D:5)
  A spectral white imp (Gauntlet)
  An orc (Vaults:5)
  A bat zombie (Lair:5)
  An endoplasm zombie (D:4)
  A frilled lizard zombie (D:11)
  2 goblin zombies
  A hobgoblin zombie (Bailey)
  7 kobold zombies
  46 orc zombies
  A quokka zombie (D:4)
  A spectral ufetubus (D:5)
  24 tentacles
281 creatures vanquished.

Grand Total: 2498 creatures vanquished

Notes
Turn   | Place    | Note
-------+----------+-------------------------------------------
     0 | D:1      | sentinel the Tengu Warper began the quest for the Orb.
     0 | D:1      | Reached XP level 1. HP: 12/12 MP: 4/4
   117 | D:1      | Reached XP level 2. HP: 17/17 MP: 6/6
   386 | D:1      | Upgraded the game from 0.31-a0-716-gc7603755dd to
                  | 0.31-a0-960-g0fca184906
   569 | D:1      | Reached XP level 3. HP: 21/21 MP: 7/7
   642 | D:1      | Found Riass's General Store.
   652 | D:1      | Bought a scroll of teleportation for 33 gold pieces
   652 | D:1      | Bought a scroll of identify for 22 gold pieces
   943 | D:2      | Reached skill level 1 in Maces & Flails
  1188 | D:2      | Noticed Jessica
  1196 | D:2      | Killed Jessica
  1197 | D:2      | Reached XP level 4. HP: 26/26 MP: 8/8
  2039 | D:3      | Found a large runed translucent door.
  2040 | D:3      | Found a large runed translucent door.
  2059 | D:3      | Reached XP level 5. HP: 30/31 MP: 9/9
  2107 | D:3      | Reached skill level 1 in Shields
  2187 | D:3      | Found a broken altar of Ashenzari.
  2314 | D:3      | Noticed a dream sheep
  2314 | D:3      | Noticed a dream sheep
  2314 | D:3      | Noticed a dream sheep
  2314 | D:3      | Noticed a dream sheep
  2314 | D:3      | Noticed a dream sheep
  2314 | D:3      | Found a shimmering altar of Xom.
  2318 | D:3      | Killed a dream sheep
  2318 | D:3      | Killed a dream sheep
  2319 | D:3      | Killed a dream sheep
  2319 | D:3      | Killed a dream sheep
  2319 | D:3      | Killed a dream sheep
  2451 | D:3      | Found a sparkling altar of Nemelex Xobeh.
  2477 | D:3      | Reached skill level 3 in Fighting
  2614 | D:3      | Found a basalt altar of Yredelemnul.
  2614 | D:3      | Found a glowing silver altar of Zin.
  2620 | D:3      | Became a worshipper of Yredelemnul the Dark
  2679 | D:3      | Found a blossoming altar of Fedhas.
  2769 | D:3      | Found a sacrificial altar of Ru.
  2827 | D:4      | Reached XP level 6. HP: 37/37 MP: 10/10
  2859 | D:4      | Reached skill level 1 in Invocations
  2926 | D:4      | Reached * piety under Yredelemnul
  3063 | D:4      | Reached skill level 4 in Fighting
  3144 | D:4      | Found Esyes's Jewellery Emporium.
  3161 | D:4      | Noticed Grinder
  3196 | D:4      | Killed Grinder
  3197 | D:4      | Gained mutation: Your magical flight helps you evade
                  | attacks. (EV +4) [Tengu growth]
  3197 | D:4      | Reached XP level 7. HP: 37/44 MP: 11/11
  3233 | D:4      | Reached ** piety under Yredelemnul
  3250 | D:4      | Reached skill level 5 in Fighting
  3998 | D:5      | Entered Level 5 of the Dungeon
  4260 | D:5      | Reached XP level 8. HP: 37/50 MP: 12/12
  4474 | D:5      | Reached skill level 6 in Fighting
  5111 | D:5      | Reached skill level 7 in Fighting
  5315 | D:6      | Found Tiecaregi's Weapon Emporium.
  5323 | D:6      | Learned a level 2 spell: Blink
  5328 | D:6      | Learned a level 4 spell: Manifold Assault
  5331 | D:6      | Learned a level 2 spell: Lesser Beckoning
  5331 | D:6      | Upgraded the game from 0.31-a0-960-g0fca184906 to
                  | 0.31-a0-963-ga325b2283a
  5938 | D:6      | Noticed Jeremiah
  6021 | D:6      | Reached skill level 5 in Maces & Flails
  6302 | D:6      | Identified the +6 dagger "Xixzoe" {flame, Will++}
  6468 | D:6      | Noticed Duvessa
  6468 | D:6      | Noticed Dowan
  6485 | D:6      | Killed Duvessa
  6486 | D:6      | Reached XP level 9. HP: 26/58 MP: 13/13
  6508 | D:6      | Killed Dowan
  6706 | D:6      | Reached skill level 8 in Fighting
  6780 | D:6      | Noticed Pikel
  6793 | D:6      | Killed Pikel
  6806 | D:6      | Found a staircase to the Ecumenical Temple.
  6846 | D:6      | Reached skill level 5 in Invocations
  7130 | Temple   | Entered the Ecumenical Temple
  7295 | D:7      | Noticed Menkaure
  7312 | D:7      | Killed Menkaure
  7410 | D:7      | Reached skill level 9 in Fighting
  7540 | D:7      | Reached XP level 10. HP: 65/66 MP: 15/15
  7602 | D:7      | Found a flagged portal.
  7619 | Bailey   | Entered a bailey
  7632 | Bailey   | Noticed an orc warlord
  7671 | Bailey   | Noticed an orc knight
  7677 | Bailey   | Reached skill level 5 in Armour
  7823 | Bailey   | Killed an orc knight
  7923 | Bailey   | Found a runed translucent gate.
  7926 | Bailey   | Found a runed translucent gate.
  7928 | Bailey   | Found a runed translucent gate.
  8279 | Bailey   | Killed an orc warlord
  8280 | Bailey   | Reached skill level 5 in Dodging
  8398 | D:7      | Reached skill level 10 in Axes
  8398 | D:7      | Reached XP level 11. HP: 72/72 MP: 16/16
  8965 | D:8      | Noticed Grum
  8986 | D:8      | Killed Grum
  9118 | D:8      | Noticed a death yak
  9119 | D:8      | Noticed a death yak
  9122 | D:8      | Noticed a death yak
  9140 | D:8      | Killed a death yak
  9154 | D:8      | Killed a death yak
  9174 | D:8      | Found a staircase to the Lair.
  9178 | D:8      | Killed a death yak
  9271 | D:8      | Reached *** piety under Yredelemnul
  9736 | D:8      | Reached XP level 12. HP: 77/77 MP: 17/17
  9754 | D:8      | Reached **** piety under Yredelemnul
  9804 | D:9      | Noticed Psyche
  9964 | D:9      | Noticed a two-headed ogre
 10183 | D:9      | Killed Psyche
 10365 | D:9      | Found a snail-covered altar of Cheibriados.
 10539 | D:9      | Killed a two-headed ogre
 10840 | D:9      | Found a snail-covered altar of Cheibriados.
 11022 | D:10     | Entered Level 10 of the Dungeon
 11133 | D:10     | Found a hazy altar of Hepliaklqana.
 11347 | D:10     | Found an ornate altar of the Wu Jian Council.
 11780 | D:11     | Reached skill level 5 in Evocations
 11863 | D:11     | Noticed Nergalle
 11873 | D:11     | Killed Nergalle
 11997 | D:11     | Found Vohyxauta's Jewellery Emporium.
 12002 | D:11     | Found a staircase to the Orcish Mines.
 12092 | D:11     | Found a transporter.
 12093 | D:11     | Found a transporter.
 12094 | D:11     | Noticed a boulder beetle
 12096 | D:11     | Noticed a boulder beetle
 12663 | D:11     | Found a transporter.
 12665 | D:11     | Found a transporter.
 12688 | D:11     | Found a staircase to the Orcish Mines.
 12697 | D:11     | Found Vohyxauta's Jewellery Emporium.
 12884 | D:15     | Identified the of Nijytz
 12884 | Lair:1   | Entered Level 1 of the Lair of Beasts
 12901 | Lair:1   | Reached skill level 1 in Stealth
 13172 | Lair:1   | Reached XP level 13. HP: 81/81 MP: 20/20
 13257 | Lair:1   | Reached ***** piety under Yredelemnul
 13934 | Lair:2   | Found a gate leading to a gauntlet.
 13957 | Lair:2   | Reached skill level 10 in Fighting
 13975 | Gauntlet | Entered a Gauntlet
 13975 | Gauntlet | Found a transporter.
 13975 | Gauntlet | Found a transporter.
 13975 | Gauntlet | Found a transporter.
 13999 | Gauntlet | Found a transporter.
 14014 | Gauntlet | Found a transporter.
 14025 | Gauntlet | Found a transporter.
 14029 | Gauntlet | Found a transporter.
 14040 | Gauntlet | Noticed a cacodemon
 14044 | Gauntlet | Found a transporter.
 14130 | Gauntlet | Found a transporter.
 14142 | Gauntlet | Found a transporter.
 14144 | Gauntlet | Found a transporter.
 14154 | Gauntlet | Found a transporter.
 14408 | Gauntlet | Identified the +1 short sword of Grontol {protect, rN+
                  | Dex+4 Stlth+}
 14408 | Gauntlet | Noticed a minotaur
 14445 | Gauntlet | Killed a minotaur
 14637 | Lair:2   | Found a hole to the Spider Nest.
 15481 | Lair:2   | Found a staircase to the Shoals.
 15884 | Lair:3   | Identified the "Lopt"
 15964 | Lair:3   | Reached skill level 11 in Fighting
 16032 | Lair:3   | Found a large runed translucent door.
 16032 | Lair:3   | Found a large runed translucent door.
 16035 | Lair:3   | Noticed MrCrawl's ghost (journeyman DrFE)
 16428 | Lair:3   | Reached skill level 10 in Invocations
 16588 | Lair:3   | Identified the +0 scale mail of Discretion {rC+ SInv}
 16830 | Lair:3   | Killed MrCrawl's ghost
 16831 | Lair:3   | Reached skill level 15 in Axes
 16927 | Lair:4   | Reached XP level 14. HP: 82/90 MP: 17/22
 16938 | Lair:4   | Found a staircase to the Slime Pits.
 16946 | Lair:4   | Found a viscous altar of Jiyva.
 17174 | Lair:4   | Found a frozen archway.
 17204 | IceCv    | Entered an ice cave
 17319 | IceCv    | Noticed a frost giant
 17362 | IceCv    | Killed a frost giant
 17616 | IceCv    | Reached ****** piety under Yredelemnul
 17992 | Lair:5   | Entered Level 5 of the Lair of Beasts
 18400 | Lair:5   | Reached XP level 15. HP: 82/94 MP: 15/23
 18703 | Lair:5   | Reached skill level 10 in Evocations
 19270 | Lair:5   | Found the +6 Majin-Bo {spellvamp, MP+6 Int+6}
 19414 | Lair:5   | Identified the +2 scale mail of Beauty {+Blink}
 19768 | Lair:5   | Identified the +4 arbalest "Dumuih" {drain, Dex+3}
 19775 | Lair:5   | Identified the +2 troll leather armour "Uzxitir" {rElec
                  | Will+ Regen+ Str-3}
 20087 | Orc:1    | Entered Level 1 of the Orcish Mines
 20284 | Orc:2    | Entered Level 2 of the Orcish Mines
 20336 | Orc:2    | Found a staircase to the Elven Halls.
 20339 | Orc:2    | Noticed Jorgrun
 20356 | Orc:2    | Killed Jorgrun
 20759 | Orc:2    | Noticed Saint Roka
 20793 | Orc:2    | Killed Saint Roka
 20932 | Orc:2    | Found Dyecs's Antique Armour Shop.
 20934 | Orc:2    | Found Gix Icieh's Book Shop.
 21018 | Orc:2    | Found Poruq's Antique Weapon Shop.
 21124 | Orc:2    | Found Ucunel's General Store.
 21131 | Orc:2    | Bought a potion of curing for 48 gold pieces
 21415 | Orc:1    | Noticed an orc warlord
 21815 | D:6      | Killed Jeremiah
 21963 | D:1      | Bought a scroll of enchant weapon for 82 gold pieces
 22031 | D:1      | Bought a potion of enlightenment for 55 gold pieces
 22115 | D:4      | Bought the ring "Ququaw" {*Corrode rElec rPois Str+6} for
                  | 631 gold pieces
 22231 | D:12     | Noticed Frances
 22753 | D:12     | Reached skill level 5 in Throwing
 22753 | D:12     | Reached XP level 16. HP: 100/100 MP: 26/26
 23323 | D:12     | Killed Frances
 24460 | D:13     | Found a stormy altar of Qazlal.
 24919 | D:13     | Found a stormy altar of Qazlal.
 25460 | D:14     | Reached skill level 5 in Spellcasting
 25498 | D:14     | Found a gate to the Vaults.
 26332 | D:15     | Entered Level 15 of the Dungeon
 26355 | D:15     | Reached skill level 12 in Fighting
 26623 | D:15     | Found a staircase to the Depths.
 26673 | D:15     | Found Orel Pad's Book Shoppe.
 26869 | D:15     | Identified the +5 chain mail of Negation {Rampage}
 27075 | D:15     | Found a runed translucent gate.
 27075 | D:15     | Found a runed translucent gate.
 27075 | D:15     | Found a runed translucent gate.
 27079 | D:15     | Noticed Behejivea's ghost (adept DsEE)
 27303 | D:15     | Found a shadowy altar of Dithmenos.
 27725 | D:15     | Reached skill level 13 in Fighting
 28089 | D:15     | Learned a level 3 spell: Ozocubu's Armour
 28091 | D:15     | Learned a level 1 spell: Apportation
 28305 | Spider:1 | Entered Level 1 of the Spider Nest
 28471 | Spider:1 | Reached skill level 14 in Fighting
 28477 | Spider:1 | Reached skill level 1 in Ice Magic
 28717 | Spider:1 | Reached XP level 17. HP: 108/111 MP: 27/27
 28981 | Spider:1 | Reached skill level 5 in Ice Magic
 30529 | Spider:2 | Identified the +7 chain mail of the Ditch-Digger {rElec}
 32413 | Spider:4 | Entered Level 4 of the Spider Nest
 32473 | Spider:4 | Noticed Donald
 32489 | Spider:4 | Reached skill level 15 in Invocations
 32626 | Spider:4 | Killed Donald
 32694 | Spider:4 | Reached XP level 18. HP: 116/116 MP: 18/30
 32759 | Spider:4 | Got a gossamer rune of Zot
 33328 | Spider:4 | Identified the granite talisman of the Vaults {Str+3 Dex+3}
 33328 | Spider:4 | Noticed Roxanne
 33349 | Spider:4 | Killed Roxanne
 33574 | Spider:4 | Reached skill level 5 in Shields
 33965 | Orc:2    | Bought a heavily runed leather armour for 189 gold pieces
 33965 | Orc:2    | Identified the +3 leather armour of Trial and Error
                  | {Stlth+} (You bought it in a shop on level 2 of the Orcish
                  | Mines)
 33967 | Orc:2    | Bought a glowing scarf for 216 gold pieces
 33981 | Orc:2    | Upgraded the game from 0.31-a0-963-ga325b2283a to
                  | 0.31-a0-965-g8a8ce12e04
 33997 | Orc:2    | Bought a scroll of enchant armour for 120 gold pieces
 34217 | Shoals:1 | Entered Level 1 of the Shoals
 34467 | Shoals:1 | Identified the staff of Extremism {rElec rC+ rN+ Int+6
                  | Necro}
 34816 | Shoals:1 | Found Suruang's Antique Armour Shop.
 34880 | Shoals:1 | Found a hide-covered altar of Uskayaw.
 35128 | Shoals:1 | Identified the +3 mace of Amogrom {elec, rElec rPois rF++
                  | Str-2}
 35379 | Shoals:2 | HP: 2/116 [merfolk javelineer/silver javelin (15)]
 36202 | Shoals:2 | Reached skill level 10 in Shields
 36466 | Shoals:3 | Reached XP level 19. HP: 98/121 MP: 20/31
 37136 | Shoals:4 | Entered Level 4 of the Shoals
 37256 | Shoals:4 | Identified the ring "Yraogg" {rElec rN+ Str-5 Slay+4
                  | Stlth+}
 37352 | Shoals:4 | Found Wocwiup's CLEARANCE SALE!.
 37371 | Shoals:4 | HP: 5/121 [merfolk siren zombie collision (9)]
 37421 | Shoals:4 | Identified the ring "Heipiurph" {rN++ Will+ Str+8 Int-2}
 37636 | Shoals:4 | Bought a potion of mutation for 40 gold pieces
 37756 | Shoals:4 | Got a barnacled rune of Zot
 38036 | Shoals:4 | Found Ritak's Antique Weapon Shoppe.
 38630 | Vaults:5 | Identified the "Rahah"
 38630 | Vaults:5 | Identified the of Xuussin
 38630 | Crypt:3  | Identified the "Weetric"
 38630 | Elf:1    | Entered Level 1 of the Elven Halls
 38630 | Elf:1    | Found the +10 Black Knight's barding {ponderous, rPois rN+}
 38791 | Elf:1    | Found Haizoz's Antique Armour Shop.
 38829 | Elf:1    | Reached skill level 15 in Fighting
 39438 | Elf:2    | Paralysed by an air elemental for 1 turns
 39441 | Elf:2    | Reached XP level 20. HP: 105/131 MP: 33/33
 39478 | Elf:2    | Paralysed by an air elemental for 1 turns
 40014 | Shoals:4 | Bought an amulet of guardian spirit for 150 gold pieces
 40770 | Elf:3    | Identified the "Ecarhega"
 40770 | Elf:3    | Identified the "Wixocw"
 40770 | Elf:3    | Entered Level 3 of the Elven Halls
 40849 | Elf:2    | Found a runed translucent gate.
 40849 | Elf:2    | Found a runed translucent gate.
 40849 | Elf:2    | Found a runed translucent gate.
 40966 | Elf:2    | Reached skill level 16 in Fighting
 42499 | Elf:3    | Identified the orb of the Modern Knives {light, rC+ Str+3}
 42499 | Elf:3    | Identified the ring of Surprise {Contam rC+ Dex+3 SInv}
 42590 | Elf:3    | Identified the +2 hand axe of the Ecumenical Temple
                  | {protect, rElec rN+ Str+2 SInv}
 42592 | Elf:3    | Identified the ring "Kiotoot" {rC+ rCorr}
 42593 | Elf:3    | Identified the +0 ring mail of Snakes and Ladders {+Inv}
 43751 | D:15     | Reached skill level 17 in Fighting
 43768 | D:15     | Killed Behejivea's ghost
 43837 | Vaults:1 | Entered Level 1 of the Vaults
 43940 | Vaults:1 | Reached XP level 21. HP: 122/139 MP: 28/34
 43996 | Vaults:1 | Paralysed by a formless jellyfish for 1 turns
 44002 | Vaults:1 | Reached skill level 10 in Armour
 44002 | Vaults:1 | Reached skill level 10 in Dodging
 45119 | Vaults:1 | Found a gateway to a bazaar.
 45175 | Bazaar   | Entered a bazaar
 45275 | Bazaar   | Found Arure's Antique Weapon Shop.
 45307 | Bazaar   | Found Veofu's Armour Boutique.
 45337 | Bazaar   | Found Oxkegol's Magic Scroll Shop.
 45337 | Bazaar   | Found Biuz's Jewellery Boutique.
 45363 | Bazaar   | Bought a masterwork battleaxe for 310 gold pieces
 45363 | Bazaar   | Identified the +0 battleaxe of Ahism {speed, Str+4} (You
                  | bought it in a shop in a bazaar)
 45375 | Bazaar   | Bought a scroll of vulnerability for 36 gold pieces
 45375 | Bazaar   | Bought a scroll of fear for 36 gold pieces
 45375 | Bazaar   | Bought a scroll of vulnerability for 36 gold pieces
 45375 | Bazaar   | Bought a scroll of teleportation for 27 gold pieces
 45394 | Bazaar   | Bought the +3 warlock's mirror {omnireflect} for 640 gold
                  | pieces
 45394 | Bazaar   | Found the +3 warlock's mirror {omnireflect}
 45949 | Vaults:2 | Reached skill level 18 in Fighting
 47122 | Vaults:3 | Identified the ring "Fytrumm" {Will- rCorr MP+9 Dex+6
                  | Stlth+}
 47139 | Vaults:3 | Identified the amulet of Liages {Acrobat rF- Str+3 Int+3}
 47140 | Vaults:3 | Identified the +2 short sword of Geatwub {flame, rF+ MP+9}
 47150 | Vaults:3 | Identified the +1 leather armour of Death Resistance
                  | {Int+2}
 47550 | Vaults:3 | Found Ufeny's Armour Boutique.
 47601 | Vaults:3 | Reached XP level 22. HP: 141/148 MP: 22/35
 47730 | Vaults:3 | Found a staircase to the Crypt.
 47730 | Vaults:3 | Found a basalt altar of Yredelemnul.
 47731 | Vaults:3 | Found an ancient bone altar of Kikubaaqudgha.
 47827 | Vaults:3 | Reached skill level 19 in Fighting
 48771 | Vaults:4 | Reached skill level 20 in Fighting
 49939 | Vaults:4 | Learned a level 2 spell: Passwall
 50087 | Vaults:4 | Identified the +5 kite shield of Joxiurch {Fly Will+ Str-3
                  | SInv}
 50345 | Depths:1 | Entered Level 1 of the Depths
 50482 | Depths:1 | Noticed Mara
 50756 | Depths:2 | Found a gateway to Hell.
 51091 | Depths:2 | Found a one-way gate leading to the halls of Pandemonium.
 51150 | Depths:2 | Reached XP level 23. HP: 105/158 MP: 17/36
 51557 | Depths:2 | Found a glowing silver altar of Zin.
 51561 | Depths:2 | Found a white marble altar of Elyvilon.
 51573 | Depths:2 | Found a glowing golden altar of the Shining One.
 52272 | Depths:3 | Identified the +3 shortbow "Awnoc" {heavy, rElec rC+ Str+3}
 52319 | Depths:3 | Reached skill level 15 in Evocations
 52434 | Depths:3 | Found the +3 Mad Mage's Maulers {Infuse+∞ VampMP -Cast}
 52595 | Depths:3 | Noticed a golden dragon
 52604 | Depths:3 | Killed a golden dragon
 52616 | Depths:3 | Noticed a caustic shrike
 52629 | Depths:3 | Killed a caustic shrike
 52823 | Depths:3 | Noticed a golden dragon
 52833 | Depths:3 | Killed a golden dragon
 53159 | Depths:3 | Noticed a golden dragon
 53173 | Depths:3 | Killed a golden dragon
 53226 | Depths:3 | Found a broken altar of Ashenzari.
 53231 | Depths:3 | Noticed a golden dragon
 53243 | Depths:3 | Killed a golden dragon
 54143 | Depths:3 | Found a one-way gate to the infinite horrors of the Abyss.
 54371 | Depths:4 | Entered Level 4 of the Depths
 54480 | Depths:4 | Found a one-way gateway to a ziggurat.
 54794 | Depths:4 | Noticed a caustic shrike
 54794 | Depths:4 | Noticed a caustic shrike
 54794 | Depths:4 | Noticed a caustic shrike
 54797 | Depths:4 | Noticed a caustic shrike
 55191 | Depths:4 | Reached XP level 24. HP: 156/164 MP: 35/37
 55339 | Depths:4 | Reached skill level 21 in Fighting
 55609 | Depths:4 | Found a gate to the Realm of Zot.
 55610 | Depths:4 | Found a stormy altar of Qazlal.
 56233 | Slime:1  | Entered Level 1 of the Pits of Slime
 56240 | Slime:1  | Paralysed by a formless jellyfish for 1 turns
 56263 | Slime:2  | Paralysed by a formless jellyfish for 1 turns
 56499 | Slime:5  | Entered Level 5 of the Pits of Slime
 56677 | Slime:5  | Gained mutation: You are clumsy. (Dex -2) [a shining eye]
 56714 | Slime:5  | Reached skill level 22 in Fighting
 56882 | Slime:5  | Noticed the Royal Jelly
 56898 | Slime:5  | Killed the Royal Jelly
 56923 | Slime:5  | Your ally the Royal Jelly died
 57093 | Slime:5  | Identified the +7 demon blade "Hapnism" {vamp, *Slow
                  | Fragile MP+9 Str+7}
 57098 | Slime:5  | Identified the +3 ring mail of Makhleb's Supremacy {Rampage
                  | Drain Fly rC-}
 57102 | Slime:5  | Identified the staff "Jenostrehe" {rC+ MP+9 Ice}
 57105 | Slime:5  | Identified the amulet of Kikubaaqudgha's Wrath {Faith Int+4
                  | Dex+3}
 57137 | Slime:5  | Found the +7 Spriggan's Knife {stab, EV+4 Stlth+}
 57187 | Slime:5  | Got a slimy rune of Zot
 57190 | Slime:5  | Identified the +7 great sword "Liekeihi" {pain, rN+ rCorr
                  | Str-5 Dex+2}
 57211 | Slime:5  | Found the +3 salamander hide armour {Flames, rFlCloud rF++
                  | rC--}
 58366 | Vaults:5 | Entered Level 5 of the Vaults
 58590 | Vaults:5 | Noticed Frederick
 58606 | Vaults:5 | Killed Frederick
 58665 | Vaults:5 | Reached XP level 25. HP: 173/173 MP: 33/38
 58756 | Vaults:5 | Killed a dread lich
 58767 | Vaults:5 | Noticed a dread lich
 58778 | Vaults:5 | Killed a dread lich
 58875 | Vaults:5 | Identified the staff of Unreason {rElec Str+5 Air}
 58913 | Vaults:5 | Identified the +0 pair of gloves of the Slug {rC++ Regen+
                  | rCorr Int-4}
 58935 | Vaults:5 | Identified the ring of Xongenn {Wiz Will+ Stlth+}
 59065 | Vaults:5 | Identified the +7 arbalest "Utzeiruss" {speed, Int+3}
 59262 | Vaults:5 | Identified the amulet "Nujijodi" {Faith rF+ Slay-3 SInv}
 59268 | Vaults:5 | Identified the +1 robe of the Good {rF+}
 59417 | Vaults:5 | Got a silver rune of Zot
 61127 | Zot:1    | Entered Level 1 of the Realm of Zot
 61190 | Zot:1    | Noticed an ancient lich
 61197 | Zot:1    | Killed an ancient lich
 61245 | Zot:1    | Noticed a dread lich
 61253 | Zot:1    | Killed a dread lich
 62145 | Zot:2    | Reached XP level 26. HP: 166/180 MP: 35/39
 62380 | Zot:2    | Reached skill level 23 in Fighting
 62968 | Zot:2    | Identified the +4 shortbow "Relom" {flame, rF+}
 63521 | Zot:3    | Reached skill level 15 in Dodging
 63523 | Zot:3    | Reached skill level 15 in Armour
 64228 | Zot:3    | Noticed a Killer Klown
 64241 | Zot:3    | Killed a Killer Klown
 64632 | Zot:5    | Entered Level 5 of the Realm of Zot
 64896 | Zot:5    | Reached XP level 27. HP: 128/188 MP: 1/39
 64954 | Zot:5    | Noticed an ancient lich
 64961 | Zot:5    | Noticed an orb of fire
 64964 | Zot:5    | Noticed an orb of fire
 64970 | Zot:5    | Got the Orb of Zot
 64981 | Zot:5    | Noticed a dread lich
 64983 | Zot:5    | HP: 2/188 [Orb Guardian (22)]
 64983 | Zot:5    | Mangled by a Killer Klown

Illustrated notes

Levels and vault maps discovered:
D:1:      wander_arrival_desolate, layout_basic, serial_shops,
          nicolae_lakefront_shop, grunt_decor_arrowhead, st_stairs_7,
          minmay_close_crescents
D:2:      layout_loops_corners, nicolae_grassy_gnolls, uniq_jessica
D:3:      layout_rooms, mainiacjoe_overflow_cross_hatched, lemuel_crystal_altar,
          kb_xom_exploding_sheep, jmf_multi_god_temple2,
          nicolae_overflow_two_pavilions
D:4:      layout_basic, serial_shops, shop_fountains, uniq_grinder
D:5:      layout_loops_corners, serial_demonic, serial_demonic_f,
          serial_demonic_b, serial_demonic_a, serial_demonic_d, serial_demonic_d
D:6:      layout_loops_ring, minmay_temple_entry_gardened_gates,
          minmay_misc_feat_x, nicolae_stop_n_shop_2, uniq_duvessa,
          uniq_jeremiah, uniq_pikel
D:7:      layout_loops_ring, enter_bailey_2, hangedman_abyss_or_decor_stagger,
          minivault_23, st_stairs_14, uniq_menkaure
D:8:      layout_loops_corners, dpeg_lair_monsters, kennysheep_potato, uniq_grum
D:9:      layout_basic, mainiacjoe_overflow_24_doors, uniq_psyche
D:10:     layout_long_grid, old_standard_altar, nzn_wu_jian_contemplation
D:11:     gammafunk_boulding_lane, layout_rooms, minmay_orc_entry_temple_small,
          serial_shops, nicolae_shop_gaudy_bauble, minmay_lizard_king,
          uniq_nergalle
D:12:     layout_basic, uniq_frances
D:13:     layout_loops_corners, nicolae_qazlal_eye_of_the_storm
D:14:     minmay_twisted_water, layout_cave_pools, david_vaults_2
D:15:     hangedman_depths_entry_try_elsewhere_first, layout_layer_cave,
          serial_shops, shop, gammafunk_ghost_spectres, grunt_dithmenos_shadows,
          minmay_misc_feat_encased
Temple:   hellmonk_temple_forest_ring
Lair:1:   layout_cave_pods, special_room [special_room_bee], lemuel_fruit_tree
Lair:2:   layout_hall_layers, elwin_shoals_entry_stream,
          hellmonk_spider_entry_not_the_bees, gauntlet_entry_generic,
          columned_hall_lemuel, nicolae_quartered_pool_little,
          chequers_serial_rivers_marsh
Lair:3:   layout_cellular_growth, ebering_ghost_disaster_area,
          serial_bayou_pond_c, chequers_serial_rivers_micro_c,
          minmay_lindwurm_lava
Lair:4:   layout_cave_shapes, nicolae_slime_entry_field_trip,
          portal_ice_cave_demonic_guard
Lair:5:   due_jungle_book, layout_gridlike, st_stairs_7,
          minmay_stone_trees_medium, roderic_batcave
Shoals:1: layout_shoals, serial_shops, shop, regret_index_shoals_crete
Shoals:2: layout_shoals
Shoals:3: layout_shoals
Shoals:4: shoals_end_grunt_ice, layout_shoals, serial_shops, shop,
          nicolae_shop_clearance
Spider:1: layout_spider_delve, nicolae_spider_webs_and_nodes,
          nicolae_spider_undead_wolf_pack
Spider:2: layout_spider_delve
Spider:3: layout_spider_delve, hangedman_spider_tarantella_strand
Spider:4: hellmonk_spider_rune_endless_swarm, hive_lemuel, uniq_roxanne,
          uniq_donald
Slime:1:  layout_caves, cheibrodos_slime_lost_civilization_7
Slime:2:  nicolae_slime_pool, layout_caves
Slime:3:  layout_caves
Slime:4:  layout_caves
Slime:5:  slime_pit_nicolae_block_by_block
Orc:1:    layout_caves, serial_shops, shop
Orc:2:    grunt_orc_cross, layout_diamond_mine, uniq_jorgrun
Elf:1:    nicolae_elf_arrival_no_cutting_in_line, layout_rooms, serial_shops,
          nicolae_shop_peninsula, minivault_28
Elf:2:    nicolae_elf_blades_crystal_corner, layout_rooms
Elf:3:    minmay_elf_hall_four_x, layout_geoelf_octagon, serial_sigils,
          serial_sigils_hangedman_etch, serial_sigils_hangedman_leer,
          serial_sigils_hangedman_quiver, serial_sigils_hangedman_gnaw,
          serial_sigils_hangedman_snap
Vaults:1: nicolae_vaults_shipping_containers_6, v_misc_18, v_misc_13,
          vaults_mumra_hex, nicolae_vaults_storage_room_glass,
          nicolae_vaults_little_squares_4, layout_vaults_omnicross,
          serial_shops, bzr_firewalk
Vaults:2: nicolae_vaults_variable_pillar_hall, nicolae_vaults_oval_intersection,
          nicolae_vaults_tetromino_L_1, nicolae_vaults_little_squares_6,
          nicolae_vaults_closet_pinwheel_1, vaults_dpeg_emergency_exit,
          nicolae_vaults_trapezoid_lopsided_1, ontoclasm_vaults_twist,
          nicolae_vaults_trapezoid_2, ontoclasm_vaults_decontamination,
          nicolae_vaults_tetromino_L_2, layout_vaults_omnigrid
Vaults:3: vaults_dpeg_ring, ontoclasm_vaults_gateway,
          nicolae_vaults_storing_the_good_stuff, hangedman_vaults_corner_blocks,
          vaults_mumra_lcd, minmay_crypt_entry_necro_gods, v_alt_pattern_1,
          ontoclasm_vaults_tryst, ontoclasm_vaults_shuriken,
          ontoclasm_vaults_claustrophobia, nicolae_vaults_disjoint_gnomons,
          vaults_mumra_hexcomb, nicolae_vaults_sealed_display,
          nicolae_vaults_ninety_degrees, nicolae_vaults_prndl,
          nicolae_vaults_six-pack, v_misc_4, layout_vaults_omnibox,
          serial_shops, shop
Vaults:4: v_misc_33, vaults_mumra_chevron, nicolae_vaults_network_quinsquares
          [nicolae_vaults_network_quincunx_subvault,
          nicolae_vaults_network_quincunx_subvault,
          nicolae_vaults_network_quincunx_subvault,
          nicolae_vaults_network_quincunx_subvault],
          nicolae_vaults_tetromino_Z_2, nicolae_vaults_twisting_passages,
          ontoclasm_vaults_chip, hangedman_vaults_unwind, nicolae_vaults_heist,
          vaults_room_hangedman_quadrants, nicolae_vaults_double_plus_1,
          nicolae_vaults_little_squares_2, nicolae_vaults_trapezoid_lopsided_1,
          nicolae_vaults_little_squares_5, layout_vaults_ring
Vaults:5: uniq_frederick
Depths:1: tekkud_shrikecote, layout_cave_shapes, hellmouth_3,
          kennysheep_cross_bottleneck, kennysheep_okawaru_gauntlet, uniq_nikola,
          uniq_mara
Depths:2: grunt_deathspiral_small, layout_honeycomb, pf_dread_powers_of_hell,
          good_gods_mini_temple, pan_entry, kennysheep_minor_cross
Depths:3: minmay_four_inscribed_fans, layout_honeycomb, hell_entry,
          evilmike_ruin_ashenzari, abyss_entry_small_statue_room
Depths:4: regret_index_qazlal_generations, layout_gridlike, enter_ziggurat_c,
          chequers_decorated_corner, pf_coc_iceberg
Zot:1:    hellmonk_crystal_mountain, layout_basic
Zot:2:    grunt_twist_and_shout, layout_concentric_octagons,
          hangedman_zot_decor_slant, st_single_dragon_hoard_2
Zot:3:    layout_gridlike, regret_index_zotdec_banners, evilmike_ambush
          [evilmike_ambush_outer_basic, evilmike_ambush_inner_wall_1]
Zot:4:    layout_gridlike, bh_zot_ikea_curve, lemuel_lake_of_fire
Zot:5:    layout_cathedral_of_symmetry

Skill      XL: |  1  2  3  4  5  6  7  8  9 10 11 12 13 14 15 16 17 18 19 20 21 22 23 24 25 26 |
---------------+-------------------------------------------------------------------------------+-----
Maces & Flails | 2 3 4 5 |  5.8
Shields        | 1 3 4 11 12 | 12.6
Fighting       | 3 4 5 7 9 11 14 15 17 18 20 22 23 | 23.6
Invocations    | 3 4 5 6 8 10 13 15 16 17 19 21 22 | 22.0
Armour         | 4 6 9 12 13 15 | 15.8
Dodging        | 3 5 6 9 12 13 15 | 15.8
Axes           | 10 12 13 15 17 | 17.6
Evocations     | 5 9 10 11 13 14 15 16 17 | 17.6
Stealth        | 3 |  3.0
Throwing       | 5 |  5.0
Spellcasting   | 6 |  6.0
Ice Magic      | 3 6 |  6.0
Translocations | |  2.5

Action                     |  1- 3 |  4- 6 |  7- 9 | 10-12 | 13-15 | 16-18 | 19-21 | 22-24 | 25-27 || total
---------------------------+-------+-------+-------+-------+-------+-------+-------+-------+-------++-------
  Melee: Hand axe          |    36 |       |       |       |       |       |       |       |       ||    36
         Kick              |    18 |    39 |   108 |   118 |   326 |   401 |   400 |   554 |   312 ||  2276
         Peck              |     7 |    30 |    64 |    92 |   214 |   251 |   249 |   391 |   197 ||  1495
         Whip              |    25 |   161 |   268 |    75 |       |       |       |       |       ||   529
         Broad axe         |       |       |       |   312 |   785 |   973 |   919 |  1101 |   598 ||  4688
  Throw: Dart              |       |       |     1 |    72 |    14 |    17 |     3 |       |     4 ||   111
         Boomerang         |       |       |       |    42 |       |       |       |       |       ||    42
         Throwing net      |       |       |       |       |       |       |       |     2 |       ||     2
   Cast: Ozocubu's Armour  |       |       |       |       |       |     1 |     1 |       |       ||     2
         Passwall          |       |       |       |       |       |       |       |     4 |       ||     4
 Invoke: Recall Undead Har |       |       |     6 |     2 |     7 |     8 |     8 |    11 |    13 ||    55
         Dark Bargain      |       |       |     5 |    17 |    30 |    58 |    53 |    46 |    46 ||   255
         Drain Life        |       |       |       |       |     1 |       |       |       |     2 ||     3
         Bind Soul         |       |       |       |       |       |     1 |       |       |       ||     1
  Evoke: Wand              |       |       |     5 |     4 |    15 |    29 |    28 |     7 |    28 ||   116
         Phantom mirror    |       |       |       |       |     3 |     1 |     3 |     1 |       ||     8
         Phial of floods   |       |       |       |       |     1 |       |     2 |       |     1 ||     4
         Tin of tremorston |       |       |       |       |       |     5 |     4 |     3 |       ||    12
         Sack of spiders   |       |       |       |       |       |     1 |     2 |       |       ||     3
         Lightning rod     |       |       |       |       |       |       |       |       |     2 ||     2
    Use: Scroll            |     2 |     1 |     6 |    10 |     9 |    11 |     5 |     4 |    28 ||    76
         Potion            |       |     3 |       |     2 |     2 |     8 |    11 |     8 |    15 ||    49
   Stab: Sleeping          |       |     1 |     1 |       |     2 |     2 |       |       |       ||     6
         Distracted        |       |       |       |     8 |    14 |    17 |    25 |    29 |    24 ||   117
         Invisible         |       |       |       |       |     5 |     1 |       |       |    18 ||    24
         Fleeing           |       |       |       |       |     1 |     1 |     1 |       |     1 ||     4
         Paralysed         |       |       |       |       |       |     6 |     7 |       |     3 ||    16
         Petrified         |       |       |       |       |       |       |       |     4 |       ||     4
         Held in net/web   |       |       |       |       |       |       |       |     1 |       ||     1
         Petrifying        |       |       |       |       |       |       |       |     1 |       ||     1
         Betrayed ally     |       |       |       |       |       |       |       |       |     1 ||     1
 Armour: Leather armour    |    25 |    59 |   107 |   106 |   230 |       |       |       |       ||   527
         Skin              |       |    56 |       |       |       |       |       |       |       ||    56
         Chain mail        |       |       |       |       |    42 |   380 |   376 |   606 |   360 ||  1764
         Troll leather arm |       |       |       |       |       |    82 |    99 |       |       ||   181
         Plate armour      |       |       |       |       |       |       |       |       |    79 ||    79
  Dodge: Dodged            |    53 |    82 |   154 |   260 |   601 |   758 |   531 |   580 |   374 ||  3393
         Repelled          |       |       |       |       |     3 |     1 |       |       |       ||     4
  Block: Buckler           |     4 |    22 |    43 |   118 |   371 |   461 |    77 |   430 |   248 ||  1774
         Reflection        |       |       |       |     3 |    10 |    20 |    53 |    52 |    41 ||   179
         Kite shield       |       |       |       |       |       |    25 |   394 |       |       ||   419
   Form: Beast             |       |       |       |     2 |       |       |       |       |       ||     2
                           |       |       |       |     1 |     1 |       |       |       |       ||     2

Table legend: (Time is in decaauts)
 A = Elapsed time spent in this place.
 B = Non-inter-level travel time spent in this place.
 C = Inter-level travel time spent in this place.
 D = Time resting spent in this place.
 E = Time spent auto-exploring this place.
 F = Levels seen in this place.
 G = Mean time per level.
                   A        B        C        D        E       F      G
               +--------+--------+--------+--------+--------+-----+--------+
         Total |  71910 |  63427 |   8483 |   2646 |  44370 |  57 | 1261.6 |
       Dungeon |  21797 |  18760 |   3037 |   1004 |  13663 |  15 | 1453.1 |
        Temple |      1 |      1 |      0 |      0 |      0 |   1 |    1.0 |
          Lair |   7885 |   6375 |   1510 |    115 |   4581 |   5 | 1577.0 |
        Shoals |   5323 |   4941 |    382 |     71 |   3214 |   4 | 1330.8 |
   Spider Nest |   6737 |   5694 |   1043 |    150 |   4209 |   4 | 1684.2 |
    Slime Pits |   1969 |   1713 |    256 |    153 |   1038 |   5 |  393.8 |
  Orcish Mines |   2000 |   1717 |    283 |    138 |   1137 |   2 | 1000.0 |
   Elven Halls |   3857 |   3528 |    329 |    475 |   1877 |   3 | 1285.7 |
        Vaults |   9017 |   8325 |    692 |    106 |   6355 |   5 | 1803.4 |
        Depths |   6977 |   6429 |    548 |    164 |   5098 |   4 | 1744.2 |
           Zot |   4174 |   3774 |    400 |    137 |   2363 |   5 |  834.8 |
        Bazaar |    235 |    235 |      0 |      0 |    174 |   1 |  235.0 |
        Bailey |    837 |    837 |      0 |    100 |    206 |   1 |  837.0 |
      Ice Cave |    619 |    619 |      0 |      0 |    273 |   1 |  619.0 |
      Gauntlet |    476 |    476 |      0 |     30 |    176 |   1 |  476.0 |
               +--------+--------+--------+--------+--------+-----+--------+

Top non-repeatable levels by time:
Depths:3: 2798 daAuts
Spider:2: 2717 daAuts
    D:15: 2385 daAuts
Depths:2: 2151 daAuts
  Lair:2: 2132 daAuts
  Lair:5: 2088 daAuts
    D:13: 2011 daAuts
Vaults:3: 1998 daAuts
Depths:4: 1862 daAuts
     D:5: 1844 daAuts
   Elf:3: 1838 daAuts
  Lair:1: 1787 daAuts
Vaults:1: 1777 daAuts
Vaults:4: 1760 daAuts
Vaults:5: 1744 daAuts
